 Dungeon Crawl Stone Soup version 0.29.1-14-g9c671dbff4 (webtiles) character file.

Game seed: 115277176960559926

5126 leafyfresh the Nimble (level 10, -4/60 HPs)
             Began as a Djinni Ice Elementalist on Feb 17, 2023.
             Was an Initiate of Ashenzari.
             Slain by a cyan ugly thing (8 damage)
             ... on level 8 of the Dungeon.
             The game lasted 00:23:02 (15188 turns).

leafyfresh the Nimble (Djinni Ice Elementalist)    Turns: 15188, Time: 00:23:03

Health: -4/60      AC:  5    Str: 11    XL:     10   Next: 88%
Gold:   473        EV: 17    Int: 22    God:    Ashenzari [......] SH:  0 Dex: 13

rFire   + + .      SeeInvis .   L - +5 scimitar
rCold   x . .      Faith    .   (no shield)
rNeg    . . .      Spirit   .   x - +1 robe "Gloom of Ashenzari" {Drain Str+4 Stlth+, Fort, Self} (curse)
rPois   ∞          Reflect  .   G - +0 helmet
rElec   .          Harm     .   u - +0 cloak
rCorr   +          Rampage  .   (no gloves)
Will    +....                   (boots unavailable)
Stlth   ++++......              (no amulet)
HPRegen 0.20/turn               q - ring of resist corrosion
MPRegen 0.00/turn               (no ring)

@: liquefying, flying, slowed movement, very slow
A: sickness immunity, fire resistance 2, cold vulnerability 1, float, innate
caster, HP casting, extra vitality 1
a: Renounce Religion, Curse Item, Shatter the Chains


You were on level 8 of the Dungeon.
You worshipped Ashenzari.
Ashenzari was noncommittal.
You visited 2 branches of the dungeon, and saw 9 of its levels.
You also visited: Sewer.

You collected 473 gold pieces.

Inventory:

Hand Weapons
 f - a +0 dagger
 l - a +2 dagger of draining
 v - a +1 vampiric scimitar
 C - a +1 dagger of venom
 J - a +2 great sword of freezing
 L - a +5 scimitar (weapon)
Missiles
 E - 3 silver javelins
Armour
 a - a +0 robe
 u - a +0 cloak (worn)
 x - the cursed +1 robe "Gloom of Ashenzari" (worn) {Drain Str+4 Stlth+, Fort, Self}
   (You found it on level 4 of the Dungeon)

   Str:       It affects your strength (+4).
   Drain:     It drains your maximum health when unequipped.
   Stlth:     It makes you more stealthy.
   It has a curse which improves the following skills: Fortitude: Armour and
   Shields.
   Introspection: Fighting and Spellcasting.
 G - a +0 helmet (worn)
 I - +0 steam dragon scales
Magical Staves
 j - a staff of death
Jewellery
 q - a ring of resist corrosion (left hand)
Scrolls
 b - 2 scrolls of poison {unknown}
 c - 2 scrolls of acquirement {unknown}
 e - 2 scrolls of enchant armour {unknown}
 g - 2 scrolls of teleportation {unknown}
 h - a scroll of enchant weapon {unknown}
 i - 2 scrolls of noise {unknown}
 k - 2 scrolls of vulnerability {unknown}
 n - 3 scrolls of butterflies {unknown}
 p - 2 scrolls of torment {unknown}
 r - 2 scrolls of brand weapon {unknown}
 t - 7 scrolls of identify {unknown}
 w - 2 scrolls of magic mapping {unknown}
 y - a scroll of fear {unknown}
Potions
 d - 2 potions of attraction {unknown}
 m - a potion of invisibility {unknown}
 o - 2 potions of brilliance {unknown}
 s - a potion of degeneration {unknown}
 z - 2 potions of lignification {unknown}
 A - 2 potions of mutation {unknown}
 B - 2 potions of might {unknown}
 D - a potion of resistance {unknown}
 F - 2 potions of flight {unknown}
 H - 2 potions of curing
 K - a potion of heal wounds {unknown}
 M - 2 potions of ambrosia {unknown}


   Skills:
 + Level 11.5 Dodging
 - Level 4.3 Stealth
 + Level 8.7(9.2) Spellcasting


You had 7 spell levels left.
You knew the following spells:

 Your Spells              Type           Power      Damage    Failure   Level
a - Freeze                Ice            100%       1d11      1%          1
b - Frozen Ramparts       Ice            100%       1d16      1%          3
c - Ozocubu's Armour      Ice            50%        N/A       1%          3
d - Hailstorm             Conj/Ice       50%        3d11      1%          4
e - Necrotise             Necr           100%       1d9       1%          1
f - Passwall              Tmut/Erth      41%        N/A       1%          2
g - Ensorcelled Hibernat  Hex/Ice        100%       N/A       1%          2
h - Leda's Liquefaction   Hex/Erth       25%        N/A       1%          4
Your spell library was empty.

Dungeon Overview and Level Annotations

Branches:
Dungeon (8/15)             Temple (1/1) D:4           Sewer (visited)
   Lair: D:8-11

Altars:
Ashenzari
Cheibriados
Elyvilon
Fedhas
Gozag
Hepliaklqana
Nemelex Xobeh
Qazlal
Uskayaw
Xom
Yredelemnul


Innate Abilities, Weirdness & Mutations

You are immune to sickness and miasma.
You are immune to poison.
Your flesh is very heat resistant. (rF++)
You are vulnerable to cold. (rC-)
You float through the air rather than walking.
You learn spells naturally, not from books.
Your magical power is your life essence.
You have superior vitality. (+4 MHP)


Message History

No target in view!
Things that are here:
a +2 war axe; a +0 robe No target in view!
There is an open door here.
There is a stone staircase leading down here.
A cyan ugly thing comes into view.
Found a bubbling purple potion.
There is an open door here.
A cyan ugly thing is nearby!
Found a book of Debilitation.
A cyan ugly thing is nearby!
The helpless cyan ugly thing fails to defend itself.
You slash the cyan ugly thing!
The cyan ugly thing is lightly wounded.
The cyan ugly thing tentacle-slaps you! The cyan ugly thing shocks you!
Unknown command.
Casting: Ozocubu's Armour (safe; 1% risk of failure)
Confirm with . or Enter, or press ? or * to list all spells.
Okay, then.
Casting: Ozocubu's Armour (safe; 1% risk of failure)
Confirm with . or Enter, or press ? or * to list all spells.
The ground around you becomes liquefied!
The cyan ugly thing tentacle-slaps you! The cyan ugly thing shocks you!
* * * LOW HITPOINT WARNING * * *
Unknown command.
There is an open door here.
Casting: Leda's Liquefaction (dangerous; 1% risk of failure)
Confirm with . or Enter, or press ? or * to list all spells.
Okay, then.
Casting: Leda's Liquefaction (dangerous; 1% risk of failure)
Confirm with . or Enter, or press ? or * to list all spells.
Aiming: Passwall (safe; 1% risk of failure)
Press: ? - help, Dir - move target A rock wall.
* * * LOW HITPOINT WARNING * * *
The cyan ugly thing tentacle-slaps you but does no damage.
You begin to meditate on the wall.
You continue meditating on the rock.
The cyan ugly thing tentacle-slaps you!
You die...

#.#.####...##).........#
#.#.#.............######
#.#.#.####........#
#.#.#.#)..........#
..............##'##
................>#
#.#.).......#.##.#
#.#.....#...#.##.# .
#.#.....#.#.#.##@####...:
#.#..).<..#.#.#..u.......
#.#.#[#####.#.#..........
#.#.#.[.....#.#..........
#o#.#.((###.#.#..........
#.#.'...(...(.#......!...
#.###...#####.#.......###
#.# #...# #[#.......#
#'###...# #.##'######


You could see a cyan ugly thing (struggling).

Vanquished Creatures
  Sigmund (D:3)
  10 yaks
  A wyvern (D:7)
  A steam dragon (D:7)
  Menkaure (D:4)
  A water moccasin (D:6)
  3 orc warriors
  An ice beast (D:5)
  2 sky beasts
  An ogre (D:6)
  A centaur (D:6)
  3 kobold brigands
  3 phantoms
  Blork the orc (D:4)
  A bullfrog (D:8)
  3 scorpions
  10 wights (D:8)
  3 hounds (D:5)
  2 jellies (D:5)
  3 orc priests
  2 gnoll boudas
  An iguana (D:5)
  7 orc wizards
  A scorpion zombie (D:4)
  Robin (D:3)
  8 gnolls
  9 adders
  2 river rats (Sewer)
  2 shadow imps
  5 white imps
  An ufetubus (D:6)
  An adder zombie (D:4)
  2 worms (D:2)
  6 dart slugs
  28 orcs
  6 ball pythons
  6 bats
  9 endoplasms
  2 giant cockroaches
  11 goblins
  5 hobgoblins
  14 jackals
  12 kobolds
  5 quokkas
  5 frilled lizards
  7 rats
210 creatures vanquished.

Vanquished Creatures (collateral kills)
  A yak (D:8)
  A hobgoblin (D:3)
  4 kobolds (D:8)
6 creatures vanquished.

Vanquished Creatures (others)
  21 plants (Sewer)
21 creatures vanquished.

Grand Total: 237 creatures vanquished

Notes
Turn   | Place    | Note
-------+----------+-------------------------------------------
     0 | D:1      | leafyfresh the Djinni Ice Elementalist began the quest for
                  | the Orb.
     0 | D:1      | leafyfresh set off with the following spells memorised:
                  | Freeze, Frozen Ramparts, Ozocubu's Armour, Hailstorm.
     0 | D:1      | Reached XP level 1. HP: 15/15 MP: 0/0
   433 | D:1      | Reached XP level 2. HP: 14/21 MP: 0/0
   849 | D:1      | Found a faded altar of an unknown god.
  1550 | D:1      | Reached XP level 3. HP: 11/25 MP: 0/0
  1550 | D:1      | Learned a level 1 spell: Necrotise
  2217 | D:2      | Reached skill level 3 in Dodging
  2453 | D:2      | Reached XP level 4. HP: 21/31 MP: 0/0
  4011 | D:3      | Reached XP level 5. HP: 33/35 MP: 0/0
  4011 | D:3      | Learned a level 2 spell: Passwall
  4145 | D:3      | Noticed Sigmund
  4160 | D:3      | Killed Sigmund
  4161 | D:3      | Reached skill level 4 in Dodging
  4161 | D:3      | Reached XP level 6. HP: 15/40 MP: 0/0
  5227 | D:3      | Noticed Robin
  5236 | D:3      | Killed Robin
  5429 | D:4      | Noticed Blork the orc
  5440 | D:4      | Killed Blork the orc
  5441 | D:4      | Reached XP level 7. HP: 12/45 MP: 0/0
  5441 | D:4      | Learned a level 2 spell: Ensorcelled Hibernation
  5917 | D:4      | Found a hazy altar of Hepliaklqana.
  5997 | D:4      | Noticed Menkaure
  6025 | D:4      | Reached skill level 5 in Dodging
  6442 | D:4      | Killed Menkaure
  6694 | D:4      | Found a staircase to the Ecumenical Temple.
  6702 | D:4      | Identified the +1 robe of Conscience {Drain Str+4 Stlth+}
  6735 | Temple   | Entered the Ecumenical Temple
  6751 | Temple   | Became a worshipper of Ashenzari the Shackled
  6888 | D:4      | Reached XP level 8. HP: 32/50 MP: 0/0
  7180 | D:4      | Found a basalt altar of Yredelemnul.
  7193 | D:4      | Reached skill level 5 in Spellcasting
  7245 | D:5      | Entered Level 5 of the Dungeon
  7286 | D:5      | Reached skill level 6 in Dodging
  7336 | D:5      | Found a glowing drain.
  7341 | Sewer    | Entered a sewer
  8510 | D:5      | Reached skill level 7 in Dodging
  9506 | D:6      | Reached XP level 9. HP: 53/55 MP: 0/0
  9506 | D:6      | Learned a level 4 spell: Leda's Liquefaction
 10065 | D:6      | Reached skill level 8 in Dodging
 12177 | D:7      | Reached skill level 9 in Dodging
 12198 | D:7      | Reached XP level 10. HP: 27/60 MP: 0/0
 12199 | D:7      | Reached skill level 10 in Dodging
 12765 | D:7      | Identified the +0 rapier "Suckosch" {vorpal, rF+ rN++
                  | Stlth+}
 13191 | D:7      | Identified the +0 ring mail of Zixen {-Tele rN+ rCorr
                  | Int+4}
 13623 | D:8      | Reached skill level 11 in Dodging
 15181 | D:8      | Noticed a cyan ugly thing
 15188 | D:8      | Slain by a cyan ugly thing

Illustrated notes

Levels and vault maps discovered:
D:1:      ebering_trefoil_3fold, layout_basic,
          ebering_ecumenical_altar_abandoned, nicolae_hexahallways,
          minmay_misc_feat_roman, hex_medium, minmay_close_crescents
D:2:      minmay_diamond_boxcup, layout_loops_cross, palyth_stone_intersect
D:3:      layout_basic, nicolae_vehumet_radiance, uniq_sigmund, uniq_robin
D:4:      layout_cave_pools, amcnicky_altar_gilded,
          lemuel_zombie_altar_yredelemnul, minmay_temple_entry_waves,
          uniq_blork_the_orc, uniq_menkaure
D:5:      cheibrodos_iron_armory, layout_basic, portal_sewer_entry_d,
          minmay_misc_feat_enclosed
D:6:      layout_layer_cave, roderic_serpentine_path, corexii_leaking_fountain,
          minmay_manual_mullet
D:7:      layout_basic
D:8:      layout_basic
Temple:   minmay_freezing_vapour_temple

Skill      XL: |  1  2  3  4  5  6  7  8  9 10 |
---------------+-------------------------------+-----
Stealth        | 2 3 4 |  4.3
Dodging        | 3 4 5 7 9 11 | 11.5
Spellcasting   | 4 6 7 8 |  8.7

Action                   |  1- 3 |  4- 6 |  7- 9 | 10-12 || total
-------------------------+-------+-------+-------+-------++-------
Melee: Unarmed           |    22 |       |       |       ||    22
       Dagger            |    22 |       |   223 |    86 ||   331
       Staff             |     2 |    26 |    18 |       ||    46
       Punch             |       |       |     2 |     2 ||     4
       Scimitar          |       |       |       |    26 ||    26
 Cast: Freeze            |    21 |     3 |     2 |    14 ||    40
       Necrotise         |    19 |    61 |    42 |    18 ||   140
       Frozen Ramparts   |       |     6 |    32 |    14 ||    52
       Hailstorm         |       |     5 |    14 |    13 ||    32
       Ozocubu's Armour  |       |     1 |    14 |     9 ||    24
       Passwall          |       |       |     2 |     2 ||     4
       Leda's Liquefacti |       |       |     1 |     6 ||     7
Invok: Curse Item        |       |       |     1 |       ||     1
  Use: Potion            |       |       |     4 |       ||     4
 Stab: Sleeping          |     3 |     3 |    12 |     3 ||    21
Armor: Robe              |    15 |    11 |    45 |    31 ||   102
Dodge: Dodged            |    57 |    43 |   178 |    93 ||   371
